 Dungeon Crawl Stone Soup version 0.31-a0-360-gb3e1d13bf4 (webtiles) character file.

Game seed: 8339817565985614798

36 Maxmaps the Changeling (level 3, -1/14 HPs)
             Began as an Ogre Shapeshifter on July 27, 2023.
             Succumbed to an adder's poison
             ... on level 2 of the Dungeon.
             The game lasted 00:01:51 (996 turns).

Maxmaps the Changeling (Ogre Shapeshifter)           Turns: 996, Time: 00:01:51

Health: -1/14      AC:  1    Str: 19    XL:     3   Next: 37%
Magic:  3/3        EV:  9    Int: 11    God:
Gold:   110        SH:  0    Dex:  9    Spells: 2/2 levels left

rFire   . . .        i - +1 mace (heavy)
rCold   . . .        (no shield)
rNeg    . . .        a - melded +0 animal skin
rPois   .            (helmet restricted)
rElec   .            (no cloak)
rCorr   .            (gloves unavailable)
SInv    .            (boots unavailable)
Will    .....        (no amulet)
Stlth   +            (no ring)
HPRegen 0.22/turn    (no ring)
MPRegen 0.08/turn

%: no passive effects
@: lethally poisoned (-1 -> -9), maw-form
A: devouring maw, reduced hp, large, unfitting armour, tough skin 1
a: Begin Untransformation


You were on level 2 of the Dungeon.
You were a creature with a mouth for a stomach.
You visited 1 branch of the dungeon, and saw 2 of its levels.

You collected 110 gold pieces.

Inventory:

Hand Weapons
 d - a +0 club
 i - a +1 heavy mace (weapon)
Armour
 a - a +0 animal skin (melded)
Jewellery
 f - a ring of positive energy
Talismans
 c - a beast talisman
 g - a maw talisman
Scrolls
 e - a scroll of enchant armour {unknown}
 j - a scroll of blinking {unknown}
Potions
 b - 2 potions of lignification


   Skills:
 - Level 2.2 Fighting
 + Level 2.3 Maces & Flails
 - Level 1.7 Dodging
 - Level 2.6 Unarmed Combat
 - Level 3.0 Shapeshifting


You had 2 spell levels left.
You didn't know any spells.
Your spell library was empty.

Dungeon Overview and Level Annotations

Branches:
Dungeon (2/15)

Altars:


Innate Abilities, Weirdness & Mutations

You are a creature with a mouth for a stomach.
Your midsection houses a second, enormous mouth.
Your maximum health is decreased, since you lack skill for your form.
You are too large for most types of armour.
You have tough skin. (AC +1)


Message History

The hobgoblin shouts!
A hobgoblin is nearby!
The hobgoblin hits you but does no damage.
You thump the hobgoblin!
You kill the hobgoblin!
No target in view!
No target in view!
An adder comes into view.
The adder hisses angrily.
An adder is nearby!
A jackal comes into view.
The jackal barks!
There are monsters nearby!
A kobold comes into view. It is wielding a +0 short sword.
The kobold moves out of view.
There are monsters nearby!
You barely miss the adder. Your bite misses the adder.
A jackal comes into view.
The adder barely misses you. The adder misses you.
A jackal comes into view.
The kobold shouts!
The jackal barks! x2
You sock the adder!
The adder is severely wounded.
The adder bites you.
A quokka comes into view.
The adder bites you.
You are poisoned.
The adder poisons you! The jackal barely misses you.
The adder closely misses you. The jackal bites you.
You feel sick. The jackal attacks as you move away!
The jackal barely misses you.
You feel sick. The adder bites you but does no damage. The jackal bites you.
* * * LOW HITPOINT WARNING * * *
The adder bites you.
* * * LOW HITPOINT WARNING * * *
You are more poisoned.
The adder poisons you! The jackal barely misses you.
Unknown command.
It was a potion of cancellation.
You feel magically purged.
You die...

#.............#
#......########
.#......##
#.........#
###.....#.#
#.....#.#
##.####.# #.
#.### .# #
####.Wh##...#
#....hS.....#
#....h....###
#.........#
#........K.#
........###.#
.......... r..
.......... ...
....###.. ..


You could see an adder, a quokka, 3 jackals and a kobold.

Vanquished Creatures
  A worm (D:2)
  3 dart slugs (D:1)
  A ball python (D:1)
  3 endoplasms (D:1)
  2 giant cockroaches (D:1)
  3 goblins (D:1)
  2 hobgoblins
  3 jackals (D:1)
  A quokka (D:1)
  2 bats
  2 frilled lizards
  A rat (D:1)
24 creatures vanquished.

Notes
Turn   | Place    | Note
-------+----------+-------------------------------------------
     0 | D:1      | Maxmaps the Ogre Shapeshifter began the quest for the Orb.
     0 | D:1      | Reached XP level 1. HP: 19/19 MP: 1/1
   144 | D:1      | Reached XP level 2. HP: 28/28 MP: 2/2
   161 | D:1      | Reached skill level 1 in Maces & Flails
   448 | D:1      | Reached XP level 3. HP: 28/35 MP: 3/3
   996 | D:2      | Succumbed to an adder's poison

Illustrated notes

Levels and vault maps discovered:
D:1:      lightli_iron_boxes, layout_basic
D:2:      layout_basic

Skill      XL: |  1  2 |
---------------+-------+-----
Fighting       | 2 |  2.2
Maces & Flails | 2 |  2.3
Dodging        | |  1.7
Unarmed Combat | |  2.6
Shapeshifting  | |  3.0

Action                     || total
---------------------------++-------
  Melee: Unarmed           ||     8
         Club              ||    39
         Punch             ||     3
         Mace              ||     9
    Use: Potion            ||     1
 Armour: Animal skin       ||    12
         Skin              ||     2
  Dodge: Dodged            ||    36
   Form: Maw               ||     1

Table legend: (Time is in decaauts)
 A = Elapsed time spent in this place.
 B = Non-inter-level travel time spent in this place.
 C = Inter-level travel time spent in this place.
 D = Time resting spent in this place.
 E = Time spent auto-exploring this place.
 F = Levels seen in this place.
 G = Mean time per level.
                   A        B        C        D        E       F      G
               +--------+--------+--------+--------+--------+-----+--------+
         Total |   1011 |   1005 |      6 |      0 |    827 |   2 |  505.5 |
       Dungeon |   1011 |   1005 |      6 |      0 |    827 |   2 |  505.5 |
               +--------+--------+--------+--------+--------+-----+--------+

Top non-repeatable levels by time:
     D:1: 931 daAuts
     D:2: 80 daAuts
